 Dungeon Crawl Stone Soup version 0.31.0-11-ge490571c62 (webtiles) character file.

Game seed: 5567936927642116476

182710 qw the Intangible (level 17, -6/93 HPs)
             Began as a Spriggan Hunter on Feb 4, 2024.
             Was the Champion of Okawaru.
             Killed by divine providence
             ... invoked by a meliai
              (15 damage)
             ... on level 1 of the Spider Nest.
             The game lasted 00:05:27 (24582 turns).

qw the Intangible (Spriggan Hunter)                Turns: 24582, Time: 00:05:27

Health: -6/93      AC:  9    Str:  9    XL:     17   Next: 22%
Magic:  8/8        EV: 66    Int: 11    God:    Okawaru [******]
Gold:   1649       SH:  5    Dex: 38    Spells: 16/16 levels left

rFire   + . .        m - +6 orcbow of Oqareema {antimagic, ^Contam Fly rElec rPois}
rCold   . . .        (shield currently unavailable)
rNeg    . . .        e - +0 robe of the Five Wars {rF+ Str+2 Dex+6}
rPois   +            (helmet restricted)
rElec   +            z - +2 cloak {rPois}
rCorr   .            (gloves unavailable)
SInv    +            (boots unavailable)
Will    ++...        b - amulet of reflection
Stlth   +++          h - +6 ring of dexterity
HPRegen 0.35/turn    f - +4 ring of protection
MPRegen 0.11/turn

%: reflection
@: lethally poisoned (-6 -> -21), about to teleport, flying, very quick
A: very small, no large weapons, unfitting armour, see invisible, speed 3
a: Renounce Religion, Heroism, Finesse, Duel


You were on level 1 of the Spider Nest.
You worshipped Okawaru.
Okawaru was exalted by your worship.
You visited 5 branches of the dungeon, and saw 26 of its levels.
You also visited: Ossuary.

You collected 2534 gold pieces.
You spent 885 gold pieces at shops.


Innate Abilities, Weirdness & Mutations

You are very small and have problems with some larger weapons.
You are too small for most types of armour.
You have supernaturally acute eyesight. (SInv)
You cover ground extremely quickly. (Speed+++)


   Skills:
 + Level 12.2 Fighting
 - Level 16.0 Ranged Weapons
 - Level 2.1 Armour
 O Level 27 Dodging
 - Level 1.5 Stealth
 - Level 10.0 Invocations


You had 16 spell levels left.
You didn't know any spells.
Your spell library was empty.

Inventory:

Hand Weapons
 m - the +6 orcbow of Oqareema (weapon) {antimagic, ^Contam Fly rElec rPois}
   (You found it on level 6 of the Dungeon)

   rElec:     It insulates you from electricity.
   rPois:     It protects you from poison Fly: It grants you flight.
   ^Contam:   It causes magical contamination when unequipped.
 x - a +6 arbalest of freezing
Armour
 e - the +0 robe of the Five Wars (worn) {rF+ Str+2 Dex+6}
   (Okawaru gifted it to you on level 14 of the Dungeon)

   Str+2:     It affects your strength (+2).
   Dex+6:     It affects your dexterity (+6).
   rF+:       It protects you from fire.
 z - a +2 cloak of poison resistance (worn)
Jewellery
 a - a ring of protection from fire
 b - an amulet of reflection (around neck)
 f - a +4 ring of protection (right hand)
 h - a +6 ring of dexterity (left hand)
 y - a ring of poison resistance
Wands
 d - a wand of charming (5)
 j - a wand of polymorph (4)
 l - a wand of digging (3)
 p - a wand of roots (16)
 t - a wand of light (8)
 w - a wand of mindburst (19)
Scrolls
 i - 9 scrolls of teleportation
 q - 6 scrolls of identify
 v - 5 scrolls of enchant armour
 B - 2 scrolls of enchant weapon
Potions
 c - 2 potions of haste
 g - 7 potions of curing
 k - 3 potions of might
 n - a potion of magic
 o - a potion of cancellation
 r - 7 potions of mutation
 s - a potion of enlightenment

Dungeon Overview and Level Annotations

Branches:
Dungeon (15/15)            Temple (0/1) D:7            Lair (5/5) D:11
 Shoals (3/4) Lair:3       Spider (1/4) Lair:3        Slime (0/5) Lair:4
    Orc (2/2) D:11            Elf (0/3) Orc:2        Vaults (0/5) D:14
 Depths (0/4) D:15        Ossuary (visited)

Altars:
Fedhas
Hepliaklqana
Makhleb
Okawaru
Sif Muna
Uskayaw
Vehumet
Zin

Shops:
D:1 =   Orc:2 [*?*

Portals:
Trove: D:11 (give +4 storm dragon scales)
Bailey: D:7

Annotations:
D:8 1 runed translucent door, qw's ghost, novice DjHu
D:13 2 runed translucent doors, Lernaean hydra
D:14 2 transporters, Cicylist's ghost, journeyman FoFi


Message History

24572 ||| RETREEEEATING.
Enter note:
24573 ||| RETREEEEATING.
Enter note:
24574 ||| RETREEEEATING.
You start resting.
A meliai is nearby!
You shoot an arrow. The arrow hits the meliai!
The meliai is heavily wounded.
You shoot an arrow. The arrow hits the emperor scorpion!
The emperor scorpion is almost dead.
You shoot an arrow. The arrow hits the emperor scorpion!
You kill the emperor scorpion!
Okawaru accepts your kill. The meliai hits you with a +0 hand axe!
The meliai completely misses you.
You shoot an arrow. The arrow closely misses the meliai.
The meliai completely misses you. x2; The meliai misses you.
The meliai closely misses you. The meliai completely misses you. x2
The meliai hits you with a +0 hand axe. The meliai completely misses you.
You shoot an arrow. The arrow misses the meliai.
The meliai calls upon its god to heal the meliai.
The meliai is healed somewhat.
You block the meliai's attack. The meliai completely misses you.
You shoot an arrow. The arrow hits the meliai!
The meliai is severely wounded.
The meliai completely misses you. The meliai stings you.
You are poisoned.
The meliai poisons you!
The meliai calls upon its god to heal the meliai.
The meliai's wounds heal themselves!
The meliai calls down the wrath of its god upon you.
Something smites you! The meliai completely misses you. x2
24582 ||| READING 10 scrolls of teleportation.
As you read the scroll of teleportation, it crumbles to dust.
You feel strangely unstable.
You feel very sick. The meliai completely misses you. x4
The meliai calls down the wrath of its god upon you.
Something smites you!
You die...

#.....#.....#.##
#....#..))####
##.........#
#........###
#####).%...#
###.#.#^....###
##.............#
#yyy............#
#@#............##
#####y...........#
#....s...####.....#
#....y####.. #.##.#
## #....w....... ##
## #.#####)........
#^.##.........##
##..#...........
...##...y..........#


You could see 3 meliai.

Vanquished Creatures
  Bai Suzhen (Shoals:3)
  Frances (D:12)
  Donald (Shoals:2)
  An emperor scorpion (Spider:1)
  Louise (D:14)
  An orc warlord (D:11)
  2 eleionomae (Shoals:2)
  An ettin (Orc:2)
  2 merfolk impalers
  6 hydras
  A yaktaur captain (D:15)
  A rakshasa (D:15)
  Erolcha (Orc:2)
  2 merfolk avatars
  5 boulder beetles
  Fannar (Orc:1)
  5 catoblepae
  An ogre mage (D:14)
  2 merfolk aquamancers
  An alligator snapping turtle (Shoals:2)
  6 centaur warriors
  3 satyrs (Shoals:2)
  4 tengu warriors
  5 two-headed ogres
  An occultist (D:15)
  12 death yaks
  3 orc high priests (Orc:2)
  Sonja (D:13)
  Urug (Lair:1)
  Nergalle (Lair:1)
  6 skysharks
  11 sea snakes
  5 skeletal warriors (D:15)
  An orb spider (shapeshifter) (D:15)
  An arcanist (D:14)
  A deep elf archer (D:14)
  Pikel (D:6)
  4 deep elf pyromancers
  A wolf spider (Spider:1)
  27 harpies
  7 orc knights
  5 orc sorcerers
  9 ugly things
  10 manticores
  19 fauns
  9 cyclopes
  Maurice (D:12)
  A moth of wrath (Spider:1)
  3 meliai (Spider:1)
  5 black mambas
  4 kobold blastminers (Orc:2)
  7 merfolk sirens
  2 gargoyles
  12 elephants
  6 water nymphs
  8 cane toads
  2 unseen horrors
  A torpor snail (Lair:5)
  2 rime drakes (Lair:4)
  10 komodo dragons
  Jeremiah (Lair:1)
  3 efreet
  3 yaktaurs (D:15)
  Psyche (D:12)
  8 trolls
  10 merfolk
  4 wind drakes
  A polar bear (shapeshifter) (D:15)
  3 polar bears
  2 tarantellas (Spider:1)
  30 blink frogs
  6 snapping turtles
  10 dream sheep
  A jumping spider (Spider:1)
  10 slime creatures
  A shadow (D:13)
  A centaur simulacrum (D:15)
  A culicivora (Spider:1)
  Sigmund (D:6)
  A vampire (D:11)
  4 wraiths
  3 basilisks
  6 wyverns
  53 yaks
  3 wargs
  8 water elementals
  3 steam dragons
  4 redbacks (Spider:1)
  5 vampire mosquitoes
  31 water moccasins
  An acid dragon (D:9)
  Duvessa (D:7)
  3 sky beasts
  17 orc warriors
  An ice beast (D:7)
  6 black bears
  5 boggarts (D:14)
  An ogre (shapeshifter) (D:14)
  10 ogres
  8 wolves
  20 centaurs
  A lemure (D:6)
  2 kobold brigands
  6 bullfrogs
  7 scorpions
  18 wights
  2 burial acolytes (Ossuary)
  Dowan (D:7)
  28 killer bees
  2 electric eels (Lair:3)
  7 howler monkeys
  3 bombardier beetles
  A centaur zombie (Ossuary)
  5 hounds
  A gnoll bouda (D:6)
  3 jellies
  2 human zombies (Ossuary)
  22 orc priests
  4 iguanas
  32 orc wizards
  5 hell rats (Lair:2)
  3 mummies
  A howler monkey zombie (Ossuary)
  13 gnolls
  20 adders
  A shadow imp (D:8)
  2 white imps
  2 ufetubi (D:5)
  7 ribbon worms
  5 dart slugs
  65 orcs
  7 endoplasms
  2 giant cockroaches
  12 goblins
  9 hobgoblins
  8 jackals
  3 quokkas
  9 ball pythons
  12 bats
  3 frilled lizards
  17 kobolds
  A kobold zombie (Ossuary)
  8 rats
908 creatures vanquished.

Notes
Turn   | Place    | Note
-------+----------+-------------------------------------------
     0 | D:1      | qw the Spriggan Hunter began the quest for the Orb.
     0 | D:1      | Reached XP level 1. HP: 10/10 MP: 2/2
     0 | D:1      | 0 ||| qw: Version: 0.3-a-160-g6735b56
     0 | D:1      | 0 ||| qw: Game counter: 4814
     0 | D:1      | 0 ||| qw: Melee chars always use a shield: true
     0 | D:1      | 0 ||| qw: God list: Okawaru
     0 | D:1      | 0 ||| qw: Allow faded altars: false
     0 | D:1      | 0 ||| qw: Do Orc after clearing Dungeon:15 true
     0 | D:1      | 0 ||| qw: Do second Lair branch before Depths: true
     0 | D:1      | 0 ||| qw: Lair rune preference: random
     0 | D:1      | 0 ||| qw: Goals: Normal
     0 | D:1      | 0 ||| PLANNING D:1-11
    44 | D:1      | Reached skill level 3 in Dodging
   166 | D:1      | Reached XP level 2. HP: 14/14 MP: 3/3
   195 | D:1      | Reached skill level 4 in Dodging
   451 | D:1      | Reached XP level 3. HP: 18/18 MP: 4/4
   510 | D:1      | Found Bafymawu's Jewellery Emporium.
   523 | D:1      | 523 ||| SHOPLISTING +4 ring of protection (468 gold, have
                  | 29).
   523 | D:1      | 523 ||| SHOPLISTING +6 ring of dexterity (468 gold, have
                  | 29).
   523 | D:1      | 523 ||| SHOPLISTING amulet of the acrobat (390 gold, have
                  | 29).
   523 | D:1      | 523 ||| SHOPLISTING ring of ice (325 gold, have 29).
   587 | D:1      | 587 ||| UPGRADING to +6 ring of dexterity.
   588 | D:1      | 588 ||| READING scroll labelled JEUDOQI QIOG.
   589 | D:1      | 589 ||| READING scroll labelled UCOSYLY YSAENLY.
   589 | D:1      | 589 ||| IDENTIFYING glowing white potion
   590 | D:1      | 590 ||| READING scroll labelled MUCWAK OMOU.
   590 | D:1      | Identified a scroll of acquirement
   590 | D:1      | 590 ||| ACQUIRING +6 ring of strength
   590 | D:1      | Acquired a +6 ring of strength
   592 | D:1      | 592 ||| UPGRADING to +6 ring of strength.
   593 | D:1      | 593 ||| DRINKING 2 emerald potions.
   594 | D:1      | 594 ||| DROPPING scroll of butterflies.
   595 | D:1      | 595 ||| DROPPING potion of brilliance.
  1110 | D:2      | Reached skill level 5 in Dodging
  1121 | D:2      | Reached XP level 4. HP: 22/22 MP: 5/5
  1412 | D:2      | 1412 ||| UPGRADING to +4 ring of protection.
  1414 | D:2      | 1414 ||| DROPPING +6 ring of strength.
  1415 | D:2      | 1415 ||| READING scroll of identify.
  1415 | D:2      | 1415 ||| IDENTIFYING golden potion
  1416 | D:2      | 1416 ||| READING scroll labelled XAVUIW IMIMI.
  1416 | D:2      | 1416 ||| ENCHANTING +0 shortbow.
  1417 | D:2      | 1417 ||| READING scroll labelled NEIMOV CYSM.
  1417 | D:2      | 1417 ||| BRANDING +1 shortbow.
  1418 | D:2      | 1418 ||| READING scroll labelled MAZIKHL ZOBU.
  1419 | D:2      | 1419 ||| READING scroll labelled VAIHIGE ZEAX.
  1420 | D:2      | 1420 ||| READING scroll labelled ZAEGRE CIOPT.
  1421 | D:2      | 1421 ||| READING scroll labelled WIELEMPAIW.
  1714 | D:3      | Noticed a sky beast
  1722 | D:3      | Killed a sky beast
  1723 | D:3      | Reached skill level 6 in Dodging
  1723 | D:3      | Reached XP level 5. HP: 25/25 MP: 6/6
  1833 | D:3      | Found a hazy altar of Hepliaklqana.
  1838 | D:3      | Found an iron altar of Okawaru.
  1839 | D:3      | 1839 ||| PLANNING OKAWARU WORSHIP
  1852 | D:3      | Became a worshipper of Warmaster Okawaru
  1853 | D:3      | 1853 ||| PLANNING D:1-11
  2338 | D:4      | Reached XP level 6. HP: 30/30 MP: 7/7
  2364 | D:4      | 2364 ||| RETREEEEATING.
  2365 | D:4      | 2365 ||| RETREEEEATING.
  2367 | D:4      | Reached skill level 6 in Ranged Weapons
  2387 | D:4      | Reached skill level 7 in Dodging
  2501 | D:4      | Reached XP level 7. HP: 33/35 MP: 8/8
  2548 | D:4      | Reached * piety under Okawaru
  2827 | D:4      | 2827 ||| UPGRADING to amulet of regeneration.
  2832 | D:4      | 2832 ||| READING 4 scrolls of identify.
  2832 | D:4      | 2832 ||| IDENTIFYING scroll labelled PUIG TOAWY
  2833 | D:4      | 2833 ||| DROPPING scroll of poison.
  2854 | D:5      | Entered Level 5 of the Dungeon
  2854 | D:5      | Noticed a komodo dragon
  2855 | D:5      | 2855 ||| INVOKING Heroism.
  2866 | D:5      | Killed a komodo dragon
  2867 | D:5      | Reached skill level 9 in Dodging
  2891 | D:5      | Reached skill level 1 in Invocations
  2975 | D:5      | 2975 ||| RETREEEEATING.
  2984 | D:5      | Reached XP level 8. HP: 21/39 MP: 10/10
  3007 | D:5      | Found a burning altar of Makhleb.
  3061 | D:5      | HP: 6/39 [ogre/+0 giant spiked club (18)]
  3062 | D:5      | 3062 ||| READING 3 scrolls of teleportation.
  3063 | D:5      | 3063 ||| DRINKING 2 potions of heal wounds.
  3064 | D:5      | 3064 ||| RETREEEEATING.
  3065 | D:5      | 3065 ||| RETREEEEATING.
  3066 | D:5      | 3066 ||| RETREEEEATING.
  3091 | D:5      | Reached ** piety under Okawaru
  3092 | D:5      | Reached skill level 3 in Invocations
  3360 | D:5      | 3360 ||| RETREEEEATING.
  3581 | D:5      | 3581 ||| READING 4 scrolls of identify.
  3581 | D:5      | 3581 ||| IDENTIFYING white potion
  3582 | D:5      | 3582 ||| READING 3 scrolls of identify.
  3582 | D:5      | 3582 ||| IDENTIFYING scroll labelled BEANIZAIWO
  3583 | D:5      | 3583 ||| READING 2 scrolls of identify.
  3583 | D:5      | 3583 ||| IDENTIFYING scroll labelled CEIGENK CADUF
  3584 | D:5      | 3584 ||| READING scroll of identify.
  3584 | D:5      | 3584 ||| IDENTIFYING scroll labelled KOAGUE BODASHA
  3585 | D:5      | 3585 ||| DROPPING scroll of silence.
  3586 | D:5      | 3586 ||| DROPPING scroll of vulnerability.
  3587 | D:5      | 3587 ||| DROPPING scroll of fog.
  3604 | D:6      | 3604 ||| PLANNING OSSUARY
  3611 | D:6      | Noticed Sigmund
  3612 | D:6      | 3612 ||| RETREEEEATING.
  3614 | D:6      | 3614 ||| RETREEEEATING.
  3627 | D:6      | 3627 ||| RETREEEEATING.
  3629 | D:6      | 3629 ||| RETREEEEATING.
  3635 | D:6      | Reached skill level 3 in Fighting
  3636 | D:6      | 3636 ||| INVOKING Heroism.
  3641 | D:6      | Killed Sigmund
  3704 | D:6      | Identified the +6 orcbow of Oqareema {antimagic, ^Contam
                  | Fly rElec rPois}
  3781 | D:6      | Reached XP level 9. HP: 44/44 MP: 13/13
  4017 | D:6      | Noticed Pikel
  4018 | D:6      | 4018 ||| RETREEEEATING.
  4019 | D:6      | 4019 ||| RETREEEEATING.
  4021 | D:6      | 4021 ||| RETREEEEATING.
  4023 | D:6      | 4023 ||| RETREEEEATING.
  4025 | D:6      | 4025 ||| RETREEEEATING.
  4027 | D:6      | 4027 ||| RETREEEEATING.
  4035 | D:6      | 4035 ||| INVOKING Heroism.
  4043 | D:6      | Killed Pikel
  4044 | D:6      | Reached skill level 11 in Dodging
  4077 | D:6      | Reached *** piety under Okawaru
  4156 | D:6      | Reached skill level 9 in Ranged Weapons
  4191 | D:6      | 4191 ||| SWAPPING to +0 orcbow.
  4192 | D:6      | 4192 ||| DROPPING +1 shortbow of draining.
  4319 | D:6      | Found a sand-covered staircase.
  4323 | D:6      | 4323 ||| UPGRADING to +2 robe.
  4333 | D:6      | 4333 ||| DROPPING +0 robe.
  4334 | D:6      | 4334 ||| UPGRADING to +0 robe of fire resistance.
  4349 | Ossuary  | Entered an ossuary
  4349 | Ossuary  | Found a huge runed translucent gate.
  4349 | Ossuary  | Found a huge runed translucent gate.
  4349 | Ossuary  | Found a huge runed translucent gate.
  4349 | Ossuary  | Found a huge runed translucent gate.
  4349 | Ossuary  | Found a huge runed translucent gate.
  4349 | Ossuary  | Found a huge runed translucent gate.
  4349 | Ossuary  | Found a huge runed translucent gate.
  4349 | Ossuary  | Found a huge runed translucent gate.
  4349 | Ossuary  | Found a huge runed translucent gate.
  4350 | Ossuary  | Found a huge runed translucent gate.
  4350 | Ossuary  | Found a huge runed translucent gate.
  4351 | Ossuary  | Found a huge runed translucent gate.
  4351 | Ossuary  | Found a huge runed translucent gate.
  4353 | Ossuary  | Found a huge runed translucent gate.
  4353 | Ossuary  | Found a huge runed translucent gate.
  4372 | Ossuary  | Found a huge runed translucent gate.
  4372 | Ossuary  | Found a huge runed translucent gate.
  4372 | Ossuary  | Found a huge runed translucent gate.
  4372 | Ossuary  | Found a huge runed translucent gate.
  4372 | Ossuary  | Found a huge runed translucent gate.
  4373 | Ossuary  | Found a huge runed translucent gate.
  4373 | Ossuary  | Found a huge runed translucent gate.
  4375 | Ossuary  | Found a huge runed translucent gate.
  4375 | Ossuary  | Found a huge runed translucent gate.
  4376 | Ossuary  | Found a huge runed translucent gate.
  4376 | Ossuary  | Found a huge runed translucent gate.
  4377 | Ossuary  | Found a huge runed translucent gate.
  4377 | Ossuary  | Found a huge runed translucent gate.
  4379 | Ossuary  | Found a huge runed translucent gate.
  4379 | Ossuary  | Found a huge runed translucent gate.
  4390 | Ossuary  | Found a huge runed translucent gate.
  4390 | Ossuary  | Found a huge runed translucent gate.
  4390 | Ossuary  | Found a huge runed translucent gate.
  4390 | Ossuary  | Found a huge runed translucent gate.
  4390 | Ossuary  | Found a huge runed translucent gate.
  4478 | Ossuary  | 4478 ||| DRINKING 2 blue potions.
  4487 | D:6      | 4487 ||| PLANNING D:1-11
  4610 | D:6      | 4610 ||| READING scroll labelled QYARYO ZATEYJU.
  4610 | D:6      | 4610 ||| ENCHANTING +0 robe of fire resistance.
  4655 | D:7      | 4655 ||| STAIRDANCE
  4675 | D:7      | 4675 ||| STAIRDANCE
  4683 | D:7      | 4683 ||| STAIRDANCE
  4718 | D:7      | Noticed Dowan
  4732 | D:7      | Killed Dowan
  4737 | D:7      | Noticed Duvessa
  4739 | D:7      | 4739 ||| INVOKING Heroism.
  4740 | D:7      | 4740 ||| DRINKING 2 potions of haste.
  4745 | D:7      | Killed Duvessa
  4746 | D:7      | Reached skill level 12 in Dodging
  4907 | D:7      | Found a staircase to the Ecumenical Temple.
  4924 | D:7      | Reached **** piety under Okawaru
  4954 | D:7      | Found a flagged portal.
  5341 | D:7      | Reached XP level 10. HP: 49/49 MP: 14/14
  5408 | D:7      | 5408 ||| DROPPING +2 robe.
  5409 | D:7      | 5409 ||| UPGRADING to +0 steam dragon scales.
  5419 | D:7      | 5419 ||| READING scroll labelled MIXZOFI LIHE.
  5420 | D:7      | 5420 ||| DRINKING 3 cyan potions.
  5421 | D:7      | 5421 ||| DROPPING 2 potions of attraction.
  5442 | D:8      | 5442 ||| STAIRDANCE
  5472 | D:8      | 5472 ||| STAIRDANCE
  5478 | D:7      | HP: 11/47 [orc warrior/+0 battleaxe (13)]
  5479 | D:7      | 5479 ||| READING 2 scrolls of teleportation.
  5551 | D:7      | Reached skill level 1 in Armour
  5566 | D:8      | 5566 ||| STAIRDANCE
  5590 | D:8      | Noticed qw's ghost (novice DjHu)
  5597 | D:8      | Found a runed translucent door.
  5702 | D:8      | 5702 ||| INVOKING Finesse.
  5946 | D:8      | Found a hide-covered altar of Uskayaw.
  6109 | D:8      | 6109 ||| DRINKING 2 brown potions.
  6142 | D:9      | Reached skill level 6 in Invocations
  6162 | D:9      | 6162 ||| RETREEEEATING.
  6163 | D:9      | 6163 ||| RETREEEEATING.
  6165 | D:9      | 6165 ||| RETREEEEATING.
  6167 | D:9      | 6167 ||| RETREEEEATING.
  6168 | D:9      | 6168 ||| RETREEEEATING.
  6169 | D:9      | 6169 ||| RETREEEEATING.
  6170 | D:9      | 6170 ||| RETREEEEATING.
  6174 | D:9      | 6174 ||| RETREEEEATING.
  6175 | D:9      | 6175 ||| RETREEEEATING.
  6176 | D:9      | 6176 ||| RETREEEEATING.
  6177 | D:9      | 6177 ||| RETREEEEATING.
  6303 | D:9      | 6303 ||| RETREEEEATING.
  6306 | D:9      | 6306 ||| RETREEEEATING.
  6307 | D:9      | 6307 ||| RETREEEEATING.
  6314 | D:9      | 6314 ||| RETREEEEATING.
  6392 | D:9      | 6392 ||| RETREEEEATING.
  6393 | D:9      | 6393 ||| RETREEEEATING.
  6395 | D:9      | Reached ***** piety under Okawaru
  6397 | D:9      | 6397 ||| RETREEEEATING.
  6398 | D:9      | 6398 ||| RETREEEEATING.
  6403 | D:9      | 6403 ||| RETREEEEATING.
  6473 | D:9      | Received a gift from Okawaru
  6485 | D:9      | Reached skill level 13 in Dodging
  6701 | D:9      | Reached XP level 11. HP: 53/53 MP: 17/17
  6703 | D:9      | 6703 ||| RETREEEEATING.
  6704 | D:9      | 6704 ||| RETREEEEATING.
  6705 | D:9      | 6705 ||| RETREEEEATING.
  6707 | D:9      | 6707 ||| RETREEEEATING.
  6714 | D:9      | 6714 ||| INVOKING Finesse.
  6742 | D:9      | Noticed a two-headed ogre
  6752 | D:9      | Killed a two-headed ogre
  7165 | D:9      | 7165 ||| SWAPPING to +0 arbalest.
  7166 | D:9      | 7166 ||| DROPPING +0 orcbow.
  7353 | D:9      | 7353 ||| READING scroll of identify.
  7353 | D:9      | 7353 ||| IDENTIFYING murky sapphire potion
  7354 | D:9      | 7354 ||| DROPPING potion of berserk rage.
  7367 | D:10     | Entered Level 10 of the Dungeon
  7373 | D:10     | 7373 ||| STAIRDANCE
  7458 | D:10     | Reached skill level 14 in Dodging
  7459 | D:10     | Found a radiant altar of Vehumet.
  7558 | D:10     | Reached skill level 9 in Invocations
  7735 | D:10     | Found a blossoming altar of Fedhas.
  7738 | D:10     | Found a glowing silver altar of Zin.
  7746 | D:10     | Noticed a two-headed ogre
  7749 | D:10     | 7749 ||| INVOKING Finesse.
  7759 | D:10     | Killed a two-headed ogre
  7759 | D:10     | Received a gift from Okawaru
  7800 | D:10     | 7800 ||| READING scroll of enchant weapon.
  7800 | D:10     | 7800 ||| ENCHANTING +0 arbalest.
  8158 | D:11     | Noticed a green ugly thing
  8159 | D:11     | 8159 ||| INVOKING Finesse.
  8172 | D:11     | Killed a green ugly thing
  8236 | D:11     | Found a portal to a secret trove of treasure.
  8280 | D:11     | Found a staircase to the Orcish Mines.
  8305 | D:11     | 8305 ||| RETREEEEATING.
  8306 | D:11     | 8306 ||| RETREEEEATING.
  8307 | D:11     | 8307 ||| RETREEEEATING.
  8308 | D:11     | 8308 ||| RETREEEEATING.
  8309 | D:11     | 8309 ||| RETREEEEATING.
  8310 | D:11     | 8310 ||| RETREEEEATING.
  8311 | D:11     | 8311 ||| RETREEEEATING.
  8312 | D:11     | 8312 ||| RETREEEEATING.
  8313 | D:11     | 8313 ||| RETREEEEATING.
  8314 | D:11     | 8314 ||| RETREEEEATING.
  8315 | D:11     | 8315 ||| RETREEEEATING.
  8316 | D:11     | 8316 ||| RETREEEEATING.
  8317 | D:11     | 8317 ||| RETREEEEATING.
  8318 | D:11     | 8318 ||| RETREEEEATING.
  8319 | D:11     | 8319 ||| RETREEEEATING.
  8320 | D:11     | 8320 ||| RETREEEEATING.
  8321 | D:11     | 8321 ||| RETREEEEATING.
  8322 | D:11     | 8322 ||| RETREEEEATING.
  8323 | D:11     | 8323 ||| RETREEEEATING.
  8324 | D:11     | 8324 ||| RETREEEEATING.
  8325 | D:11     | 8325 ||| RETREEEEATING.
  8326 | D:11     | 8326 ||| RETREEEEATING.
  8327 | D:11     | 8327 ||| RETREEEEATING.
  8328 | D:11     | 8328 ||| RETREEEEATING.
  8329 | D:11     | 8329 ||| INVOKING Finesse.
  8330 | D:11     | 8330 ||| INVOKING Heroism.
  8339 | D:11     | Reached skill level 12 in Ranged Weapons
  8419 | D:11     | Found a staircase to the Lair.
  8497 | D:11     | 8497 ||| INVOKING Finesse.
  8532 | D:11     | 8532 ||| READING scroll of enchant weapon.
  8532 | D:11     | 8532 ||| ENCHANTING +1 arbalest.
  8632 | D:11     | Noticed a white ugly thing
  8633 | D:11     | 8633 ||| DRINKING potion of resistance.
  8634 | D:11     | 8634 ||| INVOKING Finesse.
  8635 | D:11     | 8635 ||| INVOKING Heroism.
  8643 | D:11     | Killed a white ugly thing
  8710 | D:11     | Found a frozen archway.
  8750 | D:11     | 8750 ||| DRINKING 5 potions of curing.
  8750 | D:11     | 8750 ||| (to cure confusion)
  9026 | D:11     | 9026 ||| PLANNING LAIR
  9026 | D:11     | 9026 ||| READING scroll of identify.
  9026 | D:11     | 9026 ||| IDENTIFYING 3 fizzy grey potions
  9084 | Lair:1   | Entered Level 1 of the Lair of Beasts
  9129 | Lair:1   | Reached XP level 12. HP: 60/60 MP: 20/20
  9134 | Lair:1   | Noticed Jeremiah
  9146 | Lair:1   | Killed Jeremiah
  9189 | Lair:1   | Noticed Nergalle
  9194 | Lair:1   | 9194 ||| RETREEEEATING.
  9195 | Lair:1   | 9195 ||| RETREEEEATING.
  9196 | Lair:1   | 9196 ||| RETREEEEATING.
  9197 | Lair:1   | 9197 ||| RETREEEEATING.
  9198 | Lair:1   | 9198 ||| RETREEEEATING.
  9199 | Lair:1   | 9199 ||| RETREEEEATING.
  9199 | Lair:1   | HP: 13/54 [spectral orc knight/+0 war axe[Nergalle] (1)]
  9200 | Lair:1   | 9200 ||| READING 4 scrolls of teleportation.
  9202 | Lair:1   | Reached skill level 15 in Dodging
  9202 | Lair:1   | 9202 ||| DRINKING 3 potions of heal wounds.
  9290 | Lair:1   | Noticed Urug
  9294 | Lair:1   | 9294 ||| INVOKING Finesse.
  9303 | Lair:1   | Killed Nergalle
  9314 | Lair:1   | Killed Urug
  9485 | Lair:1   | 9485 ||| RETREEEEATING.
  9486 | Lair:1   | 9486 ||| RETREEEEATING.
  9488 | Lair:1   | 9488 ||| RETREEEEATING.
  9749 | Lair:1   | 9749 ||| UPGRADING to amulet of reflection.
  9759 | Lair:1   | 9759 ||| DROPPING amulet of regeneration.
  9791 | Lair:2   | HP: 8/60 [black mamba (10)]
  9792 | Lair:2   | 9792 ||| READING 4 scrolls of teleportation.
  9793 | Lair:2   | 9793 ||| DRINKING 2 potions of heal wounds.
  9897 | Lair:2   | Noticed an eight-headed hydra
  9898 | Lair:2   | 9898 ||| INVOKING Finesse.
  9898 | Lair:2   | Noticed a death yak
  9899 | Lair:2   | Noticed an eight-headed hydra
  9903 | Lair:2   | Noticed a death yak
  9904 | Lair:2   | 9904 ||| RETREEEEATING.
  9904 | Lair:2   | Noticed a death yak
  9904 | Lair:2   | Noticed a death yak
  9905 | Lair:2   | 9905 ||| RETREEEEATING.
  9905 | Lair:2   | Noticed a death yak
  9905 | Lair:2   | Noticed a death yak
  9906 | Lair:2   | 9906 ||| RETREEEEATING.
  9907 | Lair:2   | 9907 ||| RETREEEEATING.
  9908 | Lair:2   | Killed an eight-headed hydra
  9917 | Lair:2   | Killed a death yak
  9917 | Lair:2   | Received a gift from Okawaru
  9918 | Lair:2   | Reached skill level 16 in Dodging
  9922 | Lair:2   | Killed a death yak
  9925 | Lair:2   | HP: 6/60 [death yak (23)]
  9926 | Lair:2   | 9926 ||| READING 3 scrolls of teleportation.
  9927 | Lair:2   | 9927 ||| DRINKING potion of heal wounds.
  9929 | Lair:2   | Killed a death yak
 10021 | Lair:2   | 10021 ||| RETREEEEATING.
 10022 | Lair:2   | 10022 ||| RETREEEEATING.
 10023 | Lair:2   | 10023 ||| RETREEEEATING.
 10024 | Lair:2   | 10024 ||| RETREEEEATING.
 10025 | Lair:2   | 10025 ||| RETREEEEATING.
 10027 | Lair:2   | 10027 ||| RETREEEEATING.
 10031 | Lair:2   | 10031 ||| RETREEEEATING.
 10108 | Lair:2   | 10108 ||| RETREEEEATING.
 10230 | Lair:2   | 10230 ||| INVOKING Finesse.
 10238 | Lair:2   | Killed a death yak
 10245 | Lair:2   | Killed a death yak
 10253 | Lair:2   | Killed a death yak
 10336 | Lair:2   | 10336 ||| INVOKING Finesse.
 10341 | Lair:2   | Killed an eight-headed hydra
 10342 | Lair:2   | Reached skill level 17 in Dodging
 10593 | Lair:2   | 10593 ||| READING scroll of identify.
 10593 | Lair:2   | 10593 ||| IDENTIFYING purple potion
 10614 | Lair:3   | 10614 ||| PLANNING GAUNTLET
 10660 | Lair:3   | 10660 ||| RETREEEEATING.
 10672 | Lair:3   | Reached XP level 13. HP: 64/64 MP: 21/21
 10672 | Lair:3   | 10672 ||| SWAPPING to +6 orcbow of Oqareema {antimagic,
                  | ^Contam Fly rElec rPois}.
 10675 | Lair:3   | 10675 ||| DROPPING +2 arbalest.
 10816 | Lair:3   | Reached skill level 6 in Fighting
 10943 | Lair:3   | Found a hole to the Spider Nest.
 11000 | Lair:3   | 11000 ||| INVOKING Finesse.
 11101 | Lair:3   | 11101 ||| RETREEEEATING.
 11102 | Lair:3   | 11102 ||| RETREEEEATING.
 11108 | Lair:3   | 11108 ||| RETREEEEATING.
 11141 | Lair:3   | 11141 ||| RETREEEEATING.
 11142 | Lair:3   | 11142 ||| RETREEEEATING.
 11143 | Lair:3   | 11143 ||| RETREEEEATING.
 11144 | Lair:3   | 11144 ||| RETREEEEATING.
 11147 | Lair:3   | 11147 ||| RETREEEEATING.
 11190 | Lair:3   | Found a staircase to the Shoals.
 11328 | Lair:3   | 11328 ||| INVOKING Finesse.
 11331 | Lair:3   | 11331 ||| INVOKING Heroism.
 11335 | Lair:3   | Received a gift from Okawaru
 11429 | Lair:3   | 11429 ||| RIP GAUNTLET
 11451 | Lair:3   | 11451 ||| PLANNING LAIR
 11623 | Lair:3   | 11623 ||| UPGRADING to +0 cloak.
 11628 | Lair:3   | 11628 ||| READING scroll of identify.
 11628 | Lair:3   | 11628 ||| IDENTIFYING green potion
 11629 | Lair:3   | 11629 ||| DROPPING potion of lignification.
 11657 | Lair:4   | 11657 ||| RETREEEEATING.
 11658 | Lair:4   | 11658 ||| RETREEEEATING.
 11663 | Lair:4   | 11663 ||| INVOKING Finesse.
 11674 | Lair:4   | Reached skill level 15 in Ranged Weapons
 11830 | Lair:4   | 11830 ||| INVOKING Finesse.
 11835 | Lair:4   | 11835 ||| INVOKING Heroism.
 11970 | Lair:4   | Reached skill level 18 in Dodging
 12103 | Lair:4   | 12103 ||| RETREEEEATING.
 12106 | Lair:4   | 12106 ||| INVOKING Finesse.
 12335 | Lair:4   | 12335 ||| RETREEEEATING.
 12336 | Lair:4   | 12336 ||| RETREEEEATING.
 12337 | Lair:4   | 12337 ||| RETREEEEATING.
 12338 | Lair:4   | 12338 ||| RETREEEEATING.
 12339 | Lair:4   | 12339 ||| RETREEEEATING.
 12340 | Lair:4   | 12340 ||| RETREEEEATING.
 12341 | Lair:4   | 12341 ||| RETREEEEATING.
 12798 | Lair:4   | Found a staircase to the Slime Pits.
 13067 | Lair:5   | Entered Level 5 of the Lair of Beasts
 13107 | Lair:5   | 13107 ||| RETREEEEATING.
 13109 | Lair:5   | 13109 ||| RETREEEEATING.
 13111 | Lair:5   | 13111 ||| RETREEEEATING.
 13115 | Lair:5   | 13115 ||| RETREEEEATING.
 13168 | Lair:5   | 13168 ||| RETREEEEATING.
 13172 | Lair:5   | 13172 ||| RETREEEEATING.
 13174 | Lair:5   | Received a gift from Okawaru
 13176 | Lair:5   | 13176 ||| RETREEEEATING.
 13178 | Lair:5   | 13178 ||| RETREEEEATING.
 13182 | Lair:5   | 13182 ||| Stepping ~*~*~tactically~*~*~ (cloud).
 13183 | Lair:5   | 13183 ||| RETREEEEATING.
 13187 | Lair:5   | 13187 ||| Stepping ~*~*~tactically~*~*~ (cloud).
 13194 | Lair:5   | 13194 ||| RETREEEEATING.
 13195 | Lair:5   | 13195 ||| RETREEEEATING.
 13196 | Lair:5   | 13196 ||| Stepping ~*~*~tactically~*~*~ (cloud).
 13197 | Lair:5   | 13197 ||| RETREEEEATING.
 13198 | Lair:5   | 13198 ||| Stepping ~*~*~tactically~*~*~ (cloud).
 13372 | Lair:5   | Reached XP level 14. HP: 72/72 MP: 7/22
 13433 | Lair:5   | 13433 ||| RETREEEEATING.
 13435 | Lair:5   | 13435 ||| RETREEEEATING.
 13452 | Lair:5   | 13452 ||| RETREEEEATING.
 13454 | Lair:5   | 13454 ||| RETREEEEATING.
 13539 | Lair:5   | 13539 ||| RETREEEEATING.
 13540 | Lair:5   | 13540 ||| RETREEEEATING.
 13541 | Lair:5   | 13541 ||| RETREEEEATING.
 13542 | Lair:5   | 13542 ||| RETREEEEATING.
 13543 | Lair:5   | 13543 ||| RETREEEEATING.
 13554 | Lair:5   | 13554 ||| INVOKING Finesse.
 13600 | Lair:5   | Reached skill level 19 in Dodging
 13680 | Lair:5   | 13680 ||| Stepping ~*~*~tactically~*~*~ (cloud).
 13686 | Lair:5   | Received a gift from Okawaru
 13687 | Lair:5   | 13687 ||| RETREEEEATING.
 13688 | Lair:5   | 13688 ||| RETREEEEATING.
 13699 | Lair:5   | 13699 ||| RETREEEEATING.
 13710 | Lair:5   | 13710 ||| RETREEEEATING.
 13873 | Lair:5   | 13873 ||| Stepping ~*~*~tactically~*~*~ (cloud).
 13884 | Lair:5   | 13884 ||| Stepping ~*~*~tactically~*~*~ (cloud).
 13929 | Lair:5   | Got an earthy gem with 252 turns to spare
 14028 | Lair:5   | 14028 ||| RETREEEEATING.
 14029 | Lair:5   | 14029 ||| RETREEEEATING.
 14030 | Lair:5   | 14030 ||| RETREEEEATING.
 14031 | Lair:5   | 14031 ||| RETREEEEATING.
 14032 | Lair:5   | 14032 ||| RETREEEEATING.
 14033 | Lair:5   | 14033 ||| RETREEEEATING.
 14034 | Lair:5   | 14034 ||| RETREEEEATING.
 14048 | Lair:5   | Reached skill level 20 in Dodging
 14470 | Lair:5   | 14470 ||| INVOKING Finesse.
 14476 | Lair:5   | Received a gift from Okawaru
 14581 | Lair:5   | 14581 ||| PLANNING D
 14581 | Lair:5   | 14581 ||| READING scroll of identify.
 14581 | Lair:5   | 14581 ||| IDENTIFYING fuming emerald potion
 14748 | D:12     | Noticed Psyche
 14753 | D:12     | Killed Psyche
 14798 | D:12     | 14798 ||| RETREEEEATING.
 14908 | D:12     | Noticed Maurice
 14915 | D:12     | Killed Maurice
 14996 | D:12     | 14996 ||| READING scroll of enchant armour.
 14996 | D:12     | 14996 ||| ENCHANTING +0 steam dragon scales.
 15001 | D:12     | Noticed Frances
 15002 | D:12     | 15002 ||| INVOKING Finesse.
 15021 | D:12     | Killed Frances
 15357 | D:12     | 15357 ||| DROPPING scarf of shadows.
 15358 | D:12     | 15358 ||| UPGRADING to +2 cloak of poison resistance.
 15368 | D:12     | 15368 ||| DROPPING +0 cloak.
 15398 | D:13     | 15398 ||| STAIRDANCE
 15402 | D:13     | 15402 ||| STAIRDANCE
 15412 | D:13     | 15412 ||| STAIRDANCE
 15421 | D:12     | Reached skill level 21 in Dodging
 15551 | D:13     | You are sucked into a shaft and drop 2 floors!
 15551 | D:15     | Entered Level 15 of the Dungeon
 15594 | D:14     | Reached ****** piety under Okawaru
 15594 | D:14     | Received a gift from Okawaru
 15607 | D:14     | 15607 ||| INVOKING Receive Weapon.
 15607 | D:14     | 15607 ||| ACQUIRING +6 arbalest of freezing
 15607 | D:14     | Acquired a +6 arbalest of freezing
 15607 | D:14     | Received a gift from Okawaru
 15608 | D:14     | 15608 ||| INVOKING Receive Armour.
 15608 | D:14     | 15608 ||| ACQUIRING +0 robe of the Five Wars {rF+ Str+2
                  | Dex+6}
 15608 | D:14     | Acquired the +0 robe of the Five Wars {rF+ Str+2 Dex+6}
 15608 | D:14     | Received a gift from Okawaru
 15610 | D:14     | Noticed a tengu reaver
 15617 | D:14     | Found a transporter.
 15617 | D:14     | Noticed Cicylist's ghost (journeyman FoFi)
 15635 | D:14     | Noticed Louise
 15636 | D:14     | 15636 ||| INVOKING Finesse.
 15650 | D:14     | Killed Louise
 15689 | D:14     | Reached XP level 15. HP: 72/77 MP: 4/23
 15693 | D:14     | 15693 ||| RETREEEEATING.
 15704 | D:14     | Reached skill level 22 in Dodging
 16091 | D:14     | 16091 ||| INVOKING Finesse.
 16218 | D:14     | Found a gate to the Vaults.
 16238 | D:14     | 16238 ||| UPGRADING to +0 robe of the Five Wars {rF+ Str+2
                  | Dex+6}.
 16248 | D:14     | 16248 ||| DROPPING +1 robe of fire resistance.
 16249 | D:14     | 16249 ||| DROPPING +1 steam dragon scales.
 16250 | D:14     | 16250 ||| READING scroll of identify.
 16250 | D:14     | 16250 ||| IDENTIFYING sedimented cyan potion
 16251 | D:14     | 16251 ||| DROPPING potion of degeneration.
 16448 | D:13     | Found a runed translucent door.
 16449 | D:13     | Noticed the 27-headed Lernaean hydra
 16477 | D:13     | Noticed Sonja
 16479 | D:13     | Killed Sonja
 16571 | D:13     | Reached skill level 23 in Dodging
 16769 | D:13     | Found a runed translucent door.
 17058 | D:13     | 17058 ||| DROPPING scarf of shadows.
 17218 | D:14     | Found a transporter.
 17421 | D:15     | Received a gift from Okawaru
 17429 | D:15     | Found a staircase to the Depths.
 17430 | D:15     | 17430 ||| INVOKING Finesse.
 17542 | D:15     | Got a smoky gem with 922 turns to spare
 17656 | D:15     | 17656 ||| FLEEEEING.
 17657 | D:15     | 17657 ||| STAIRDANCE
 17802 | D:14     | 17802 ||| READING 2 scrolls of identify.
 17802 | D:14     | 17802 ||| IDENTIFYING black potion
 18185 | D:15     | Reached skill level 24 in Dodging
 18294 | D:15     | 18294 ||| RETREEEEATING.
 18296 | D:15     | 18296 ||| RETREEEEATING.
 18298 | D:15     | 18298 ||| RETREEEEATING.
 18300 | D:15     | 18300 ||| RETREEEEATING.
 18302 | D:15     | 18302 ||| RETREEEEATING.
 18352 | D:15     | 18352 ||| PLANNING ORC
 18462 | Orc:1    | Entered Level 1 of the Orcish Mines
 18528 | Orc:1    | 18528 ||| RETREEEEATING.
 18529 | Orc:1    | 18529 ||| RETREEEEATING.
 18530 | Orc:1    | 18530 ||| RETREEEEATING.
 18531 | Orc:1    | 18531 ||| STAIRDANCE
 18565 | Orc:1    | 18565 ||| STAIRDANCE
 18573 | Orc:1    | 18573 ||| STAIRDANCE
 18581 | Orc:1    | 18581 ||| STAIRDANCE
 18596 | Orc:1    | 18596 ||| STAIRDANCE
 18624 | Orc:1    | 18624 ||| STAIRDANCE
 18666 | Orc:1    | Noticed Fannar
 18676 | Orc:1    | Killed Fannar
 18676 | Orc:1    | Received a gift from Okawaru
 18753 | Orc:1    | Reached skill level 9 in Fighting
 19080 | Orc:2    | Entered Level 2 of the Orcish Mines
 19080 | Orc:2    | Found a staircase to the Elven Halls.
 19097 | Orc:2    | 19097 ||| STAIRDANCE
 19105 | Orc:2    | 19105 ||| STAIRDANCE
 19110 | Orc:2    | 19110 ||| STAIRDANCE
 19116 | Orc:2    | 19116 ||| INVOKING Finesse.
 19124 | Orc:2    | 19124 ||| STAIRDANCE
 19345 | Orc:2    | Found a radiant altar of Vehumet.
 19402 | Orc:2    | Noticed Erolcha
 19410 | Orc:2    | Killed Erolcha
 19460 | Orc:2    | Received a gift from Okawaru
 19462 | Orc:2    | Found Zang's Assorted Antiques.
 19466 | Orc:2    | 19466 ||| RETREEEEATING.
 19472 | Orc:2    | 19472 ||| RETREEEEATING.
 19473 | Orc:2    | 19473 ||| INVOKING Finesse.
 19638 | Orc:2    | Found Jidor's Magic Scroll Shoppe.
 19642 | Orc:2    | 19642 ||| BUYING runed cloak (187 gold).
 19642 | Orc:2    | Bought a runed cloak for 187 gold pieces
 19642 | Orc:2    | 19642 ||| BUYING scroll of identify (50 gold).
 19642 | Orc:2    | Bought a scroll of identify for 50 gold pieces
 19642 | Orc:2    | 19642 ||| BUYING wand of roots (4) (240 gold).
 19642 | Orc:2    | Bought a wand of roots (4) for 240 gold pieces
 19645 | Orc:2    | 19645 ||| BUYING scroll of enchant armour (120 gold).
 19645 | Orc:2    | Bought a scroll of enchant armour for 120 gold pieces
 19645 | Orc:2    | 19645 ||| BUYING scroll of identify (32 gold).
 19645 | Orc:2    | Bought a scroll of identify for 32 gold pieces
 19645 | Orc:2    | 19645 ||| BUYING scroll of identify (32 gold).
 19645 | Orc:2    | Bought a scroll of identify for 32 gold pieces
 19645 | Orc:2    | 19645 ||| BUYING scroll of identify (32 gold).
 19645 | Orc:2    | Bought a scroll of identify for 32 gold pieces
 19645 | Orc:2    | 19645 ||| BUYING scroll of identify (32 gold).
 19645 | Orc:2    | Bought a scroll of identify for 32 gold pieces
 19645 | Orc:2    | 19645 ||| BUYING scroll of teleportation (48 gold).
 19645 | Orc:2    | Bought a scroll of teleportation for 48 gold pieces
 19645 | Orc:2    | Found Piur's General Store.
 19647 | Orc:2    | Found Qun Ceuf's Antique Armour Shop.
 19653 | Orc:2    | 19653 ||| BUYING potion of mutation (112 gold).
 19653 | Orc:2    | Bought a potion of mutation for 112 gold pieces
 19696 | Orc:2    | Reached skill level 25 in Dodging
 19786 | Orc:2    | Found a shimmering blue altar of Sif Muna.
 19904 | Orc:2    | 19904 ||| PLANNING SHOALS:1-3
 19904 | Orc:2    | 19904 ||| DROPPING +1 cloak of poison resistance.
 20000 | Shoals:1 | Entered Level 1 of the Shoals
 20054 | Shoals:1 | Reached XP level 16. HP: 84/84 MP: 8/24
 20283 | Shoals:1 | 20283 ||| RETREEEEATING.
 20284 | Shoals:1 | 20284 ||| RETREEEEATING.
 20300 | Shoals:1 | Received a gift from Okawaru
 20400 | Shoals:1 | 20400 ||| RETREEEEATING.
 20401 | Shoals:1 | 20401 ||| RETREEEEATING.
 20402 | Shoals:1 | 20402 ||| RETREEEEATING.
 20403 | Shoals:1 | 20403 ||| RETREEEEATING.
 20404 | Shoals:1 | 20404 ||| RETREEEEATING.
 20405 | Shoals:1 | 20405 ||| RETREEEEATING.
 20406 | Shoals:1 | 20406 ||| RETREEEEATING.
 20407 | Shoals:1 | 20407 ||| RETREEEEATING.
 20408 | Shoals:1 | 20408 ||| RETREEEEATING.
 20409 | Shoals:1 | 20409 ||| RETREEEEATING.
 20410 | Shoals:1 | 20410 ||| RETREEEEATING.
 20411 | Shoals:1 | 20411 ||| RETREEEEATING.
 20412 | Shoals:1 | 20412 ||| RETREEEEATING.
 20420 | Shoals:1 | Reached skill level 26 in Dodging
 20461 | Shoals:1 | 20461 ||| RETREEEEATING.
 20466 | Shoals:1 | 20466 ||| RETREEEEATING.
 20469 | Shoals:1 | 20469 ||| RETREEEEATING.
 20471 | Shoals:1 | 20471 ||| RETREEEEATING.
 21325 | Shoals:2 | Received a gift from Okawaru
 21326 | Shoals:2 | HP: 21/84 [poisoned by a merfolk impaler]
 21328 | Shoals:2 | 21328 ||| DRINKING 3 potions of heal wounds.
 21336 | Shoals:2 | HP: 21/84 [poisoned by a merfolk impaler]
 21399 | Shoals:2 | 21399 ||| FLEEEEING.
 21400 | Shoals:2 | 21400 ||| FLEEEEING.
 22131 | Shoals:2 | 22131 ||| RETREEEEATING.
 22151 | Shoals:2 | 22151 ||| ZAPPING wand of light (11) at -2,-3 (faun;
                  | shallow_water).
 22152 | Shoals:2 | 22152 ||| ZAPPING wand of light (10) at -1,-3 (faun;
                  | shallow_water).
 22153 | Shoals:2 | 22153 ||| ZAPPING wand of light (9) at -1,-3 (faun;
                  | shallow_water).
 22154 | Shoals:2 | 22154 ||| RETREEEEATING.
 22161 | Shoals:2 | 22161 ||| INVOKING Finesse.
 22163 | Shoals:2 | Reached skill level 27 in Dodging
 22253 | Shoals:2 | Received a gift from Okawaru
 22270 | Shoals:2 | HP: 6/85 [satyr/arrow (31)]
 22271 | Shoals:2 | 22271 ||| READING 10 scrolls of teleportation.
 22272 | Shoals:2 | 22272 ||| DRINKING 2 potions of heal wounds.
 22600 | Shoals:2 | Noticed Donald
 22601 | Shoals:2 | 22601 ||| INVOKING Finesse.
 22610 | Shoals:2 | Killed Donald
 22838 | Shoals:2 | 22838 ||| INVOKING Finesse.
 22951 | Shoals:2 | 22951 ||| DROPPING +0 robe of fire resistance.
 23247 | Shoals:3 | HP: 21/87 [wind drake/the air (20)]
 23248 | Shoals:3 | 23248 ||| READING 11 scrolls of teleportation.
 23249 | Shoals:3 | HP: 3/87 [wind drake/the air (19)]
 23250 | Shoals:3 | 23250 ||| DRINKING 2 potions of heal wounds.
 23252 | Shoals:3 | 23252 ||| DRINKING potion of heal wounds.
 23525 | Shoals:3 | Reached XP level 17. HP: 91/91 MP: 8/25
 23544 | Shoals:3 | Noticed Bai Suzhen
 23545 | Shoals:3 | 23545 ||| INVOKING Finesse.
 23577 | Shoals:3 | Killed Bai Suzhen
 23578 | Shoals:3 | 23578 ||| Stepping ~*~*~tactically~*~*~ (cloud).
 23685 | Shoals:3 | Received a gift from Okawaru
 24223 | Shoals:3 | 24223 ||| PLANNING SPIDER:1-3
 24223 | Shoals:3 | 24223 ||| READING 8 scrolls of identify.
 24223 | Shoals:3 | 24223 ||| IDENTIFYING sapphire potion
 24224 | Shoals:3 | 24224 ||| READING 7 scrolls of identify.
 24224 | Shoals:3 | 24224 ||| IDENTIFYING 3 fuming yellow potions
 24225 | Shoals:3 | 24225 ||| DROPPING potion of ambrosia.
 24226 | Shoals:3 | 24226 ||| DROPPING 3 potions of invisibility.
 24318 | Spider:1 | Entered Level 1 of the Spider Nest
 24319 | Spider:1 | 24319 ||| RETREEEEATING.
 24320 | Spider:1 | 24320 ||| RETREEEEATING.
 24334 | Spider:1 | Reached skill level 12 in Fighting
 24535 | Spider:1 | Identified the +7 great sword of Hell's Wrath {flame, rC+
                  | rN+ Str+2 Dex+3}
 24556 | Spider:1 | 24556 ||| RETREEEEATING.
 24557 | Spider:1 | 24557 ||| RETREEEEATING.
 24559 | Spider:1 | 24559 ||| RETREEEEATING.
 24560 | Spider:1 | 24560 ||| RETREEEEATING.
 24561 | Spider:1 | 24561 ||| RETREEEEATING.
 24568 | Spider:1 | 24568 ||| RETREEEEATING.
 24570 | Spider:1 | 24570 ||| RETREEEEATING.
 24571 | Spider:1 | 24571 ||| RETREEEEATING.
 24572 | Spider:1 | 24572 ||| RETREEEEATING.
 24573 | Spider:1 | 24573 ||| RETREEEEATING.
 24574 | Spider:1 | 24574 ||| RETREEEEATING.
 24581 | Spider:1 | HP: 13/93 [meliai/divine providence (14)]
 24582 | Spider:1 | 24582 ||| READING 10 scrolls of teleportation.
 24582 | Spider:1 | Killed from afar by a meliai

Levels and vault maps discovered:
D:1:      minmay_arrival_open_corners, layout_loops_cross, serial_shops, shop
D:2:      kennysheep_six_static_rooms, layout_loops_corners
D:3:      layout_basic, jmf_multi_god_temple2, minmay_quantized
D:4:      layout_rooms, serial_curves, eino_curves_01, eino_curves_02,
          eino_curves_04, eino_curves_03
D:5:      layout_basic, mainiacjoe_overflow_tiny_flanked, cheibrodos_gnoll_hut
D:6:      layout_loops_corners, gup_ossuary_entry_pyramid,
          minmay_misc_feat_tower, uniq_sigmund, uniq_pikel
D:7:      layout_basic, minmay_temple_entry_butterflies, enter_bailey_5,
          kennysheep_pointless_box, bh_walls_and_bars, uniq_duvessa
D:8:      layout_rooms, marbit_many_paths, hellmonk_ghost_big_iron, uniq_grum
D:9:      layout_stronghold, minmay_misc_feat_chi
D:10:     layout_gridville, general_overflow_altar, nicolae_overflow_squiral,
          nicolae_houndstooth_variations
D:11:     layout_stronghold, minmay_lair_entry_grove,
          nicolae_trove_entry_crystal, portal_ice_cave_entry_pillars_1
D:12:     layout_cave_pools, nicolae_straight_to_the_point, uniq_frances,
          uniq_maurice, uniq_psyche
D:13:     layout_basic, small_statue_intersection, nicolae_hydra_factorization,
          uniq_sonja
D:14:     layout_loops_ring, hangedman_vaults_entry_quadrant_bands,
          glass_columns_c, gammafunk_ghost_arena, uniq_louise
D:15:     hangedman_depths_entry_civil_slaughter, layout_rooms
Lair:1:   layout_misc_corridors, uniq_jeremiah, uniq_nergalle, uniq_urug
Lair:2:   layout_misc_corridors, infiniplex_staircase_pool_2
Lair:3:   lemuel_reptile_caves, layout_chaotic_city, elwin_shoals_entry_rooms,
          nicolae_spider_entry_non_spiders, gauntlet_entry_generic
Lair:4:   nzn_winding_woodlands_medium [nzn_winding_woodlands_5x5_default,
          nzn_winding_woodlands_5x15_jagged, nzn_winding_woodlands_5x5_default,
          nzn_winding_woodlands_hourglass,
          nzn_winding_woodlands_center_diamonds,
          nzn_winding_woodlands_5x5_default,
          nzn_winding_woodlands_5x5_closed_star,
          nzn_winding_woodlands_5x15_river_crossing,
          nzn_winding_woodlands_5x5_perimeter], layout_cave_pods,
          minmay_slime_entry_pillars, minmay_holes, lemuel_fruit_tree
Lair:5:   evilmike_catoblepas_cave, layout_layer_cave, serial_forest,
          infiniplex_forest_straight_4, infiniplex_forest_fountain,
          infiniplex_forest_clump_diagonal, infiniplex_forest_lined_room_2,
          infiniplex_forest_end_1, infiniplex_forest_clump_double,
          infiniplex_forest_straight_3
Shoals:1: layout_shoals
Shoals:2: layout_shoals, nicolae_shoals_enchanted_isle, uniq_donald
Shoals:3: layout_shoals, uniq_bai_suzhen
Spider:1: layout_spider_delve
Orc:1:    layout_caves, uniq_fannar
Orc:2:    st_orc_elflike, layout_caves, basic_altar, led_sif_book, uniq_erolcha

Skill      XL: |  1  2  3  4  5  6  7  8  9 10 11 12 13 14 15 16 17 |
---------------+----------------------------------------------------+-----
Dodging        | 3 4 5 6 7 9 12 13 14 17 18 21 25 27 | 27.0
Ranged Weapons | 5 6 8 10 11 12 14 16 | 16.0
Fighting       | 2 3 4 5 7 8 9 11 12 | 12.2
Invocations    | 2 4 7 10 | 10.0
Armour         | 1 2 |  2.1
Stealth        | |  1.5

Action                     |  1- 3 |  4- 6 |  7- 9 | 10-12 | 13-15 | 16-18 || total
---------------------------+-------+-------+-------+-------+-------+-------++-------
   Fire: Shortbow          |   118 |   120 |   213 |       |       |       ||   451
         Orcbow            |       |       |   153 |   362 |  1868 |   847 ||  3230
         Arbalest          |       |       |       |   433 |       |       ||   433
 Invoke: Heroism           |       |       |     4 |     2 |     2 |       ||     8
         Finesse           |       |       |       |    11 |    13 |     4 ||    28
         Receive Weapon    |       |       |       |       |     1 |       ||     1
         Receive Armour    |       |       |       |       |     1 |       ||     1
  Evoke: Wand              |       |       |       |       |       |     3 ||     3
    Use: Scroll            |     3 |     7 |     7 |    10 |     5 |     5 ||    37
         Potion            |     1 |       |     3 |     7 |       |     4 ||    15
 Armour: Robe              |    16 |     6 |    36 |       |    24 |    60 ||   142
         Steam dragon scal |       |       |       |    79 |    62 |       ||   141
  Dodge: Dodged            |    39 |    37 |   237 |   581 |   802 |   483 ||  2179
  Block: Other             |       |       |       |    18 |   118 |    76 ||   212
         Reflection        |       |       |       |       |    10 |    14 ||    24

Table legend:
 A = Non-vault XP
 B = Vault XP
 C = Vault XP percentage of total XP
 D = Non-vault monster count
 E = Vault monster count
 F = Vault count percentage of total count
                 A         B        C        D         E       F
            +---------+---------+-------+---------+---------+-------
      Total |  166211 |   66233 |  28.5 |     706 |     201 |  22.2
            +---------+---------+-------+---------+---------+-------
        D:1 |      50 |       0 |   0.0 |      29 |       0 |   0.0
        D:2 |      44 |      20 |  31.2 |      17 |       6 |  26.1
        D:3 |     188 |      28 |  13.0 |      19 |       6 |  24.0
        D:4 |     520 |       0 |   0.0 |      31 |       0 |   0.0
        D:5 |    1373 |      97 |   6.6 |      21 |       3 |  12.5
        D:6 |     916 |     870 |  48.7 |      26 |       3 |  10.3
        D:7 |    1344 |     215 |  13.8 |      19 |       6 |  24.0
        D:8 |    1436 |      11 |   0.8 |      19 |       1 |   5.0
        D:9 |    5969 |       0 |   0.0 |      58 |       0 |   0.0
       D:10 |    3749 |       0 |   0.0 |      29 |       0 |   0.0
       D:11 |    5444 |    1448 |  21.0 |      29 |      10 |  25.6
       D:12 |    6075 |    2331 |  27.7 |      17 |       3 |  15.0
       D:13 |    7658 |     778 |   9.2 |      21 |       1 |   4.5
       D:14 |    7974 |    7571 |  48.7 |      23 |      18 |  43.9
       D:15 |   11660 |    3464 |  22.9 |      22 |       5 |  18.5
     Lair:1 |    4019 |    1924 |  32.4 |      17 |       3 |  15.0
     Lair:2 |   10476 |       0 |   0.0 |      26 |       0 |   0.0
     Lair:3 |    3638 |    4127 |  53.1 |      17 |      38 |  69.1
     Lair:4 |    7209 |    6720 |  48.2 |      26 |      18 |  40.9
     Lair:5 |   14597 |   10909 |  42.8 |      45 |      23 |  33.8
   Shoals:1 |   22814 |       0 |   0.0 |      45 |       0 |   0.0
   Shoals:2 |   22189 |   12295 |  35.7 |      43 |      20 |  31.7
   Shoals:3 |   13728 |    3078 |  18.3 |      27 |       1 |   3.6
   Spider:1 |    5422 |       0 |   0.0 |      14 |       0 |   0.0
      Orc:1 |    2994 |     847 |  22.1 |      36 |       1 |   2.7
      Orc:2 |    4725 |    9175 |  66.0 |      30 |      26 |  46.4
    Ossuary |       0 |     325 | 100.0 |       0 |       9 | 100.0
            +---------+---------+-------+---------+---------+-------
